cohdb
Replays
Latest Replays
All Replays
Popular Replays
Top Player Replays
Match Explorer
How It Works
Community
CoH3 Stats
Reddit
Sign in to upload your games and track your stats! →
Sign in with Steam
Match 41802479
Unlisted
Match 41802479
Overview
Messages
Build Orders
End
Royal Engineer Section
Construct Section Command Post
Infantry Section
Infantry Section
Infantry Section
Selects Canadian Shock Battlegroup
Selects Attacking Spirit
Selects Canadian Shock Section
Canadian Shock Section
Canadian Shock Section
Selects Incendiary Munitions
Construct Platoon Command Post
Humber Armored Car
Construct Field Infirmary
TidaL
BIGLEE
0
0
Comments
sign in to comment!
No comments posted yet!